[Event "Early-Titled-Tuesday-Blitz-March-05-2024"]
[Site "Chess.com"]
[Date "2024.03.05"]
[Round "7"]
[White "Sofiia_Hryzlova"]
[Black "chess94cu"]
[Result "0-1"]
[WhiteElo "2482"]
[BlackElo "2644"]
[TimeControl "180+1"]
[EndTime "9:19:25 PST"]
[Termination "chess94cu won by checkmate"]

1. e4 c6 2. Nf3 d5 3. Nc3 Bg4 4.
h3 Bxf3 5. Qxf3 e6 6. d4 dxe4 7. Qxe4 Nf6 8. Qe3 Nbd7 9. Be2 Bd6 10. O-O Qc7 11. Ne4 Nxe4 12. Qxe4 Nf6 13. Qf3 h6 14. c4 c5 15. dxc5 Bxc5 16. Bf4 Qb6 17. Be5 Be7 18. b4 O-O 19. a3 Nd7 20.
Bc3 Bf6 21. Rac1 Bxc3 22. Rxc3 a5 23. Rb3 Qc7 24. bxa5 Nc5 25. Rb5 Rxa5 26. Rfb1 Rfa8 27. Qe3 Rxb5 28. cxb5 b6 29. Bf3 Ra4 30. Rd1 e5 31. Bc6 e4 32. Rd5 Qe7 33. Qg3 Kh7 34. Qg4 g6 35.
Qg3 Qf6 36. Qb8 Rxa3 37. Qxb6 Ra1+ 38. Kh2 Qf4+ 39. g3 Qxf2# 0-1

[Event "Early-Titled-Tuesday-Blitz-March-05-2024"]
[Site "Chess.com"]
[Date "2024.03.05"]
[Round "7"]
[White "PavelShkapenko"]
[Black "Bauman_Guy"]
[Result "0-1"]
[WhiteElo "2755"]
[BlackElo "2924"]
[TimeControl "180+1"]
[EndTime "9:19:26 PST"]
[Termination "Bauman_Guy won by resignation"]

1. e4 c5 2. Nc3 d6 3. g3 g6 4. Bg2 Bg7 5. d3 Nc6 6. Be3 Rb8 7. Qd2 b5 8. Nge2 b4 9. Nd1 a5 10. O-O Nd4 11. Nc1 h5 12. h3 Nf6 13. c3 Nc6 14.
Ne2 h4 15. g4 Nxg4 16. hxg4 h3 17. Bh1 h2+ 18. Kg2 Bxg4 19. f3 Bh3+ 20. Kf2 e6 21. Ke1 Bxf1 22. Kxf1 Qh4 23. Nf2 a4 24. a3 bxc3 25.
bxc3 Na5 26. Qc2 Nb3 27. Rb1 Bh6 28. Bxh6 Qxh6 29. Ke1 Qe3 30. d4 c4 31. Rd1 Ke7 32.
Kf1 Qg5 33. f4 Qh4 34. f5 gxf5 35. exf5 Rhg8 36. Qe4 Qxe4 37. Nxe4 d5 38. f6+ Kd7 39. Nc5+ Nxc5 40. dxc5 Rb3 41. Kf2 Rxa3 42. Ke3 Kc6 43. Rb1 Kxc5 44. Rb7 Ra1 0-1

[Event "Early-Titled-Tuesday-Blitz-March-05-2024"]
[Site "Chess.com"]
[Date "2024.03.05"]
[Round "7"]
[White "JoliyRoger"]
[Black "BeardedNM"]
[Result "1-0"]
[WhiteElo "2424"]
[BlackElo "2215"]
[TimeControl "180+1"]
[EndTime "9:19:26 PST"]
[Termination "JoliyRoger won by resignation"]

1. d4 e6 2. c4 Nf6 3. Nc3 d5 4. Nf3 dxc4 5. e4 b5 6. Bg5 c6 7. e5 h6 8. Bh4 g5 9. Nxg5 hxg5 10. Bxg5 Nbd7 11. exf6 Bb7 12. g3 b4 13. Ne4 c5 14.
Bg2 Qb6 15. dxc5 Nxc5 16. Nxc5 Bxc5 17. Bxb7 Qxb7 18. O-O Rd8 19. Qa4+ Kf8 20. h4 Qf3 21. Kh2 Bxf2 22. Qxb4+ Kg8 23. Rg1 Rd3 24. Qb8+ Kh7 25. Qc7 Bxg3+ 26. Rxg3 Qe2+ 27. Rg2 Qe5+ 28. Qxe5 1-0

[Event "Early-Titled-Tuesday-Blitz-March-05-2024"]
[Site "Chess.com"]
[Date "2024.03.05"]
[Round "7"]
[White "ChristianArca"]
[Black "Sharafiev_Azat"]
[Result "1-0"]
[WhiteElo "2704"]
[BlackElo "2477"]
[TimeControl "180+1"]
[EndTime "9:19:29 PST"]
[Termination "ChristianArca won by checkmate"]

1. d4 Nf6 2. Bf4 d5 3. e3 c5 4.
dxc5 e6 5. Nf3 Bxc5 6. Bd3 O-O 7. Nbd2 b6 8. e4 Ba6 9. e5 Bxd3 10. exf6 Bg6 11.
fxg7 Re8 12. O-O Nc6 13. Ne5 Nxe5 14. Bxe5 f6 15. Bg3 e5 16. a3 b5 17. Qe2 a6 18. a4 Qd7 19. axb5 Qxb5 20. Qf3 Kxg7 21.
Nb3 Bb6 22. Rfd1 Bxc2 23. Rxd5 Qxb3 24. Rd7+ Kh6 25. Qxf6+ Bg6 26. h4 Qxg3 27. Qxb6 Qxh4 28. Ra3 Rab8 29. Qd6 Qf4 30. Rh3+ Kg5 31. Rg3+ Kh5 32. Rg7 Qc1+ 33. Kh2 Qf4 34. Rxg6 Rxb2 35. Rh6+ Qxh6 36. Rh3+ Kg4 37. Qxh6 e4 38. Qh5+ Kf4 39. g3# 1-0

[Event "Early-Titled-Tuesday-Blitz-March-05-2024"]
[Site "Chess.com"]
[Date "2024.03.05"]
[Round "7"]
[White "2KTNGO"]
[Black "ElVital"]
[Result "1-0"]
[WhiteElo "2510"]
[BlackElo "2337"]
[TimeControl "180+1"]
[EndTime "9:19:29 PST"]
[Termination "2KTNGO won by resignation"]

1. d4 g6 2. Nf3 Bg7 3. e4 d6 4. Be2 a6 5. O-O Nf6 6. Nc3 O-O 7. h3 Nc6 8. Bf4 Nh5 9. Bg5 h6 10. Be3 e5 11. dxe5 dxe5 12. Qxd8 Nxd8 13. Nd5 Ne6 14.
Rfd1 Nhf4 15. Bf1 b6 16. Ne7+ Kh7 17. g3 Nh5 18. Nxc8 Rfxc8 19. Rd7 Kg8 20. Bc4 Nf6 21. Rdd1 Nxe4 22. Bd5 Nd6 23. Bxa8 Rxa8 24. Rab1 f5 25. c3 Nc4 26. Bc1 e4 27. Ne1 Nc5 28. b3 Nd6 29. c4 g5 30. Be3 Ne6 31. Bxb6 f4 32. Bxc7 Nf5 33. Rd5 Nfd4 34. Be5 Bxe5 35. Rxe5 Kf7 36.
Rxe4 Rd8 37. Kf1 Nc5 38. Re5 Nde6 39. Rd5 Re8 40. Rbd1 Kf6 41. Nf3 Ne4 42. Re1 Nc3 43. Rd6 1-0

[Event "Early-Titled-Tuesday-Blitz-March-05-2024"]
[Site "Chess.com"]
[Date "2024.03.05"]
[Round "7"]
[White "salzikis"]
[Black "MikeSailer"]
[Result "1-0"]
[WhiteElo "2416"]
[BlackElo "2187"]
[TimeControl "180+1"]
[EndTime "9:19:29 PST"]
[Termination "salzikis won on time"]

1. e4 d5 2. exd5 Qxd5 3. Nc3 Qd6 4. d4 c6 5. Nge2 Nf6 6. Bf4 Qb4 7. Rb1 Bf5 8. h4 h6 9. Ng3 Bh7 10. Bc7 e6 11. a3 Qe7 12. Bf4 a5 13. Be2 Qd8 14.
Bf3 Bd6 15. Qd2 Qc7 16. Bxd6 Qxd6 17. h5 Nbd7 18. O-O Nb6 19. Rbd1 O-O 20. Rfe1 Nbd5 21. Nce4 Nxe4 22. Nxe4 Qf4 23. Qxf4 Nxf4 24. Nc5 Rab8 25.
Rd2 Rfd8 26. Nb3 Ra8 27. c4 Kf8 28. Nc1 Rac8 29. g3 Nh3+ 30. Kf1 Ng5 31. Bg2 Bf5 32.
f3 Bh3 33. Re5 Bxg2+ 34. Kxg2 b6 35. b4 axb4 36. axb4 Ra8 37. f4 Nh7 38. d5 cxd5 39.
cxd5 exd5 40. Rexd5 Rxd5 41. Rxd5 Nf6 42. Rb5 Rc8 43. Ne2 Rc6 44. Nd4 Rd6 45. Nf5 Rc6 46. Nd4 Rd6 47. Nf3 Rc6 48. Kh3 Ke7 49. g4 Kd8 50.
Kh4 Kc7 51. Ne5 1-0

[Event "Early-Titled-Tuesday-Blitz-March-05-2024"]
[Site "Chess.com"]
[Date "2024.03.05"]
[Round "7"]
[White "FischerKasparow"]
[Black "levallem"]
[Result "1/2-1/2"]
[WhiteElo "2077"]
[BlackElo "2314"]
[TimeControl "180+1"]
[EndTime "9:19:31 PST"]
[Termination "Game drawn by repetition"]

1. e4 c5 2. Nf3 g6 3. d4 cxd4 4. Nxd4 Nc6 5. c4 Nf6 6. Nc3 Nxd4 7. Qxd4 d6 8. Be2 Bg7 9. O-O O-O 10. Bg5 Be6 11.
Qd2 Qa5 12. Nd5 Qxd2 13. Nxe7+ Kh8 14. Bxd2 Nxe4 15. Rfd1 Rae8 16. Nd5 Bxd5 17. cxd5 Bxb2 18. Rab1 Bd4 19. Bh6 Bxf2+ 20. Kf1 Rg8 21. Rxb7 f5 22. Bf3 Bc5 23. Re1 Re5 24. Bf4 Rxd5 25. Bxe4 fxe4 26.
Rxe4 Rf5 27. Ke2 d5 28. Ra4 Re8+ 29. Kd3 d4 30. Bh6 Bb6 31. Bg7+ Kg8 32. Bxd4 Rd8 33. Ke4 Re8+ 34. Kd3 Rd5 35. Rg7+ Kf8 36. Rxh7 Red8 37. Rh8+ Kf7 38. Rxd8 Rxd8 39. Ke4 Re8+ 40. Kd3 Rd8 41. Ke4 Re8+ 42. Kd3 Rd8 1/2-1/2

[Event "Early-Titled-Tuesday-Blitz-March-05-2024"]
[Site "Chess.com"]
[Date "2024.03.05"]
[Round "7"]
[White "Rud_2008"]
[Black "subham777"]
[Result "1-0"]
[WhiteElo "2730"]
[BlackElo "2552"]
[TimeControl "180+1"]
[EndTime "9:19:34 PST"]
[Termination "Rud_2008 won on time"]

1. e4 e6 2. d4 d5 3. e5 c5 4. c3 Nc6 5. Nf3 Qb6 6. a3 cxd4 7. cxd4 a5 8. Nc3 Nge7 9. Na4 Qa7 10. b3 Nf5 11. Bb2 h5 12. Bd3 g6 13. Rc1 Bd7 14. Nc5 Bxc5 15. dxc5 Rc8 16. O-O h4 17. h3 b6 18. Qd2 Rh5 19. Bxf5 gxf5 20. b4 axb4 21. axb4 bxc5 22. Rxc5 Qb8 23. Rfc1 Ne7 24. Bd4 Rxc5 25. Bxc5 Nc6 26. Bd6 Qb5 27. Nxh4 d4 28. Rc5 Qxb4 29. Qd1 Rxh4 30. Rxc6 Qb5 31. Rc7 d3 32. Qc1 d2 33.
Rc8+ 1-0

[Event "Early-Titled-Tuesday-Blitz-March-05-2024"]
[Site "Chess.com"]
[Date "2024.03.05"]
[Round "7"]
[White "AjedrezenMadrid"]
[Black "NowInChess"]
[Result "1-0"]
[WhiteElo "2532"]
[BlackElo "2245"]
[TimeControl "180+1"]
[EndTime "9:19:35 PST"]
[Termination "AjedrezenMadrid won by resignation"]

1. b3 d6 2. Bb2 Nd7 3. d4 Ngf6 4. g3 g6 5. Nf3 Bg7 6. Bg2 O-O 7. O-O Re8 8. Nbd2 e5 9. dxe5 Ng4 10. Qc1 dxe5 11.
h3 Ngf6 12. e4 c6 13. Re1 Qc7 14. a4 a5 15. Nc4 Nh5 16. Qd2 Nb6 17. Qd6 Qxd6 18.
Nxd6 Re7 19. Rad1 Be6 20. Ng5 Rb8 21. Nxe6 Rxe6 22. c4 Bf8 23. c5 Nd7 24. Nxf7 Nxc5 25. Nxe5 Nxb3 26. Nd7 Rbe8 27. g4 Nf4 28. Nf6+ Kf7 29.
Nxe8 Kxe8 30. Bf1 Bb4 31. Bc4 Bxe1 32. Bxe6 Bxf2+ 33. Kxf2 Nxe6 34. Ke3 b5 35. Rd6 Nbc5 36. Rxc6 bxa4 37. Ba3 Kd7 38. Rxc5 Nxc5 39. Bxc5 Kc6 40. Kd4 a3 41. Bxa3 Kb5 42. Kd5 Ka4 43. Bc5 Kb3 44.
e5 a4 45. e6 a3 46. e7 a2 47. Bd4 a1=Q 48. Bxa1 1-0

[Event "Early-Titled-Tuesday-Blitz-March-05-2024"]
[Site "Chess.com"]
[Date "2024.03.05"]
[Round "7"]
[White "bancsoo"]
[Black "Susal_De_Silva"]
[Result "1-0"]
[WhiteElo "2920"]
[BlackElo "2647"]
[TimeControl "180+1"]
[EndTime "9:19:36 PST"]
[Termination "bancsoo won by resignation"]

1. Nf3 Nf6 2. g3 b6 3. Bg2 Bb7 4. O-O g6 5. d4 Bg7 6. c4 e6 7. Nc3 Ne4 8. Nxe4 Bxe4 9. Bg5 f6 10. Be3 O-O 11. Qd2 Qe7 12. Rfd1 d6 13. Rac1 Nd7 14.
c5 dxc5 15. dxc5 Nxc5 16. Bxc5 bxc5 17. Qe3 f5 18. b3 Rad8 19. h4 Rxd1+ 20. Rxd1 Rd8 21.
Rxd8+ Qxd8 22. Qxc5 Qd1+ 23. Kh2 Qxe2 24. Ng5 h6 25. Nxe4 fxe4 26. Bh3 e3 27. Bxe6+ Kh7 28.
Qxe3 Qxe3 29. fxe3 Bf8 30. Kg2 Kg7 31. Kf3 Kf6 32.
Bc4 Ke5 33. Kg4 Bc5 34. Kf3 Be7 35. Bd3 g5 36. h5 Bc5 37. g4 Be7 38. Bf5 Bc5 39. Ke2 Bb6 40. Kd3 Bc5 41. Bg6 Bb6 42.
b4 a5 43. bxa5 Bxa5 44. Kc4 c6 45. Kc5 1-0

[Event "Early-Titled-Tuesday-Blitz-March-05-2024"]
[Site "Chess.com"]
[Date "2024.03.05"]
[Round "7"]
[White "chess_blitz00"]
[Black "Incognito_Knight"]
[Result "0-1"]
[WhiteElo "2539"]
[BlackElo "2720"]
[TimeControl "180+1"]
[EndTime "9:19:36 PST"]
[Termination "Incognito_Knight won by resignation"]

1. d4 d5 2. Nf3 Nf6 3. e3 g6 4. b3 Bg7 5. Bb2 O-O 6. Nbd2 a5 7. a3 Bf5 8. Bd3 Na6 9. Bxf5 gxf5 10. Ne5 c5 11. dxc5 Nxc5 12. O-O e6 13. Bd4 Rc8 14.
b4 Nce4 15. Nxe4 Nxe4 16. Nf3 axb4 17. axb4 Bxd4 18. Nxd4 Qg5 19. Nf3 Qg7 20. Ra7 Rc7 21.
Qd4 Nd6 22. Qf4 Ne8 23. Nd4 e5 24. Nxf5 exf4 25. Nxg7 Nxg7 26. exf4 Ne6 27. g3 Nd4 28. Kg2 Nxc2 29. Rd1 Nxb4 30. Rd4 Nc6 31. Rxd5 Nxa7 32. Rg5+ Kh8 33. Rh5 Nc6 34. Rh6 Ne7 35. f5 Nxf5 36. Rf6 Ng7 0-1

[Event "Early-Titled-Tuesday-Blitz-March-05-2024"]
[Site "Chess.com"]
[Date "2024.03.05"]
[Round "7"]
[White "littlepinkyboy"]
[Black "toninhojit"]
[Result "1-0"]
[WhiteElo "2667"]
[BlackElo "2495"]
[TimeControl "180+1"]
[EndTime "9:19:36 PST"]
[Termination "littlepinkyboy won by resignation"]

1. e4 e5 2. Nf3 Nc6 3. Bb5 Nf6 4. O-O Nxe4 5. Re1 Nd6 6. Nxe5 Be7 7. Bf1 Nxe5 8. Rxe5 O-O 9. d4 Bf6 10. Re1 Re8 11. Rxe8+ Nxe8 12. d5 d6 13. c3 g6 14.
Nd2 Bf5 15. Nc4 Bg7 16. Ne3 Bd7 17. Bd3 Nf6 18. Bd2 Qc8 19. Qf3 Ng4 20. Nxg4 Bxg4 21. Qg3 Bf5 22. Re1 Bxd3 23. Qxd3 Qd7 24. Qe4 Kf8 25.
Qb4 b6 26. b3 Re8 27. Rxe8+ Kxe8 28. Qe4+ Kf8 29. Kf1 Qe7 30. Qc4 Qd7 31. a4 a5 32.
g4 h6 33. h4 Kg8 34. f3 Kh7 35. Kg2 f5 36. Be3 Qe7 37. Bf2 fxg4 38. fxg4 Be5 39. Qe4 Qf6 40. c4 Kg7 41. Qe3 Qf4 42. Qxf4 Bxf4 43. Kf3 Be5 44. Ke4 Kf6 45. Be3 h5 46. Bg5+ Kf7 47. gxh5 gxh5 48. Bd8 Bf6 49. Bxc7 Ke7 50.
Bxb6 Bxh4 51. Bxa5 Bf2 52. Kf3 Bd4 53. Bd2 Kf6 54.
Bf4 Bc5 55. a5 Ke7 56. a6 Kd7 57. b4 Ba7 58. Be3 1-0

[Event "Early-Titled-Tuesday-Blitz-March-05-2024"]
[Site "Chess.com"]
[Date "2024.03.05"]
[Round "7"]
[White "Boorchess"]
[Black "TheMagician"]
[Result "1-0"]
[WhiteElo "2520"]
[BlackElo "2206"]
[TimeControl "180+1"]
[EndTime "9:19:36 PST"]
[Termination "Boorchess won on time"]

1. d4 d5 2. c4 e6 3. Nf3 Nf6 4. g3 Be7 5. Bg2 O-O 6. O-O dxc4 7. Qc2 c5 8. dxc5 Qa5 9. Qxc4 Qxc5 10. Qxc5 Bxc5 11.
b3 Bd7 12. Bb2 Bc6 13. Nbd2 Nbd7 14. Rac1 Be7 15. Rfd1 Rfd8 16. Nc4 Bd5 17. Nd4 Bxg2 18. Kxg2 a6 19. Na5 b5 20. Ndc6 Re8 21. Nxe7+ Rxe7 22. Rc7 Nd5 23. Rb7 Nc5 24. Rxe7 Nxe7 25. Ba3 f6 26.
Bxc5 Nd5 27. Rd3 f5 28. Nc6 Kf7 29. b4 Rc8 30. Ne5+ Ke8 31. f3 a5 32. a3 axb4 33.
axb4 Ra8 34. e4 Ra2+ 35. Kh3 fxe4 36. fxe4 Nf6 37. Rd6 Nxe4 38. Rxe6+ Kd8 39. Nf7+ Kd7 40. Rxe4 Kc6 41. Rd4 h6 42. Ne5+ Kb7 43. Rd7+ 1-0

[Event "Early-Titled-Tuesday-Blitz-March-05-2024"]
[Site "Chess.com"]
[Date "2024.03.05"]
[Round "7"]
[White "Miguelito"]
[Black "Shushik"]
[Result "0-1"]
[WhiteElo "2805"]
[BlackElo "2565"]
[TimeControl "180+1"]
[EndTime "9:19:37 PST"]
[Termination "Shushik won by checkmate"]

1. d4 Nf6 2. Nf3 d5 3. Bf4 e6 4. e3 Bd6 5. Nbd2 c5 6. dxc5 Bxc5 7. c4 Nc6 8. Rc1 d4 9. exd4 Nxd4 10. a3 a5 11. Be2 Nxe2 12. Qxe2 O-O 13. O-O Bd7 14. Rfd1 Qc8 15. Ne5 Bc6 16. Bg5 Be7 17. Rc3 h6 18. Bxh6 gxh6 19. Rg3+ Kh8 20. Qe3 Ng8 21. Ne4 Bxe4 22.
Qxe4 Qc5 23. b4 axb4 24. axb4 Qxb4 25. h4 Qc5 26. Nd7 Qf5 27. Qd4+ e5 28. Qd5 Rfd8 29.
Rf3 Qe6 30. Qxb7 Nf6 31. Rfd3 Nxd7 32. Rxd7 Bxh4 33. R1d6 Qg4 34. Rxf7 Ra1+ 35. Kh2 Bg3+ 36. fxg3 Qh5# 0-1

[Event "Early-Titled-Tuesday-Blitz-March-05-2024"]
[Site "Chess.com"]
[Date "2024.03.05"]
[Round "7"]
[White "Practical-Play"]
[Black "matagordo"]
[Result "1-0"]
[WhiteElo "2528"]
[BlackElo "2248"]
[TimeControl "180+1"]
[EndTime "9:19:38 PST"]
[Termination "Practical-Play won on time"]

1. d4 Nf6 2. c4 d6 3. Nc3 e5 4.
Nf3 e4 5. Nd2 Qe7 6. e3 g6 7. Be2 h5 8. Qc2 Bf5 9. Qb3 b6 10. f3 exf3 11. Bxf3 c6 12. e4 Bd7 13. O-O Bh6 14. Qc2 O-O 15. Re1 Ng4 16. Nf1 Bg7 17. Qd1 Na6 18. h3 Nh6 19. Be3 Rae8 20. Qd2 Kh7 21.
Rad1 c5 22. dxc5 Nxc5 23. Qxd6 Qxd6 24. Rxd6 Bc8 25. Bd4 Ba6 26. Bxg7 Kxg7 27. b3 Re5 28. Red1 Rfe8 29. Ng3 Bb7 30. Nd5 h4 31. Nf1 Nxe4 32.
Bxe4 Rxe4 33. Nf6 Re2 34. Nxe8+ Kf8 35. R1d2 Rxe8 36. Rd8 Ke7 37. R8d7+ 1-0

[Event "Early-Titled-Tuesday-Blitz-March-05-2024"]
[Site "Chess.com"]
[Date "2024.03.05"]
[Round "7"]
[White "manitodeplomo"]
[Black "Statham_01"]
[Result "0-1"]
[WhiteElo "2702"]
[BlackElo "2553"]
[TimeControl "180+1"]
[EndTime "9:19:39 PST"]
[Termination "Statham_01 won on time"]

1. d4 Nf6 2. c4 e5 3. dxe5 Ng4 4. e3 Nxe5 5. Nc3 Bb4 6. Ne2 Nbc6 7. a3 Be7 8. Nf4 O-O 9. Be2 a5 10. O-O d6 11. b3 Ng6 12. Nh5 Be6 13. Bb2 f6 14. Qc2 Bf7 15. Rad1 Qc8 16. Nd5 Re8 17. Qc3 Qf5 18.
h3 Bd8 19. Ng3 Qg5 20. Qc2 Nh4 21. Kh2 Bg6 22. Qc1 Ne7 23. Nf4 Nef5 24. Nxg6 hxg6 25. Bf3 c6 26. Ne4 Nxf3+ 27. gxf3 Qh5 28. Nxd6 Nxd6 29.
Rxd6 Bc7 30. c5 Qxf3 31. Qc4+ Kf8 32. Qh4 Rad8 0-1

[Event "Early-Titled-Tuesday-Blitz-March-05-2024"]
[Site "Chess.com"]
[Date "2024.03.05"]
[Round "7"]
[White "Jospem"]
[Black "VladimirKramnik"]
[Result "1-0"]
[WhiteElo "3076"]
[BlackElo "2965"]
[TimeControl "180+1"]
[EndTime "9:19:40 PST"]
[Termination "Jospem won on time"]

1. e4 c5 2. Nf3 d6 3. c3 Nf6 4. h3 Nc6 5. Bd3 e5 6. Bc2 g6 7. d3 Bg7 8. Bg5 h6 9. Bxf6 Qxf6 10. Bb3 O-O 11. Nbd2 Be6 12. Nf1 Qe7 13. Ne3 Kh7 14.
h4 Qd7 15. h5 g5 16. g4 Ne7 17.
Qe2 a5 18. Nd2 a4 19. Bd5 Rab8 20. Rh3 Bxd5 21. exd5 f5 22. gxf5 Nxf5 23. Nxf5 Rxf5 24. Ne4 Rf4 25. Rg3 Rbf8 26. O-O-O b5 27. Rdg1 Qb7 28. c4 bxc4 29. dxc4 Qe7 30. Re3 Rh4 31. Qc2 Kh8 32.
Qxa4 Rxh5 33. Qc6 Rd8 34. a4 Bf8 35. a5 Rh4 36. a6 Qa7 37. Kc2 Rb8 38. Ra1 Rf4 39.
Raa3 Rb6 40. Qxb6 Qxb6 41. a7 Qb4 42. a8=Q Qxc4+ 43. Rac3 Qf1 44. Nd2 Qxf2 45. Rf3 Qd4 46. Rxf4 Qxf4 47. Rf3 1-0

[Event "Early-Titled-Tuesday-Blitz-March-05-2024"]
[Site "Chess.com"]
[Date "2024.03.05"]
[Round "7"]
[White "JaackCamel"]
[Black "KoningKobe"]
[Result "0-1"]
[WhiteElo "2220"]
[BlackElo "2408"]
[TimeControl "180+1"]
[EndTime "9:19:40 PST"]
[Termination "KoningKobe won by resignation"]

1. d4 g6 2. c4 Bg7 3. Nc3 d6 4.
Nf3 a6 5. e4 Nc6 6. d5 Ne5 7.
Nxe5 Bxe5 8. Qc2 c5 9. Be2 Bd7 10. O-O h5 11. h3 Rb8 12. Be3 b5 13. Rab1 b4 14. Nd1 Bg7 15. Qd2 e5 16. f4 Ne7 17.
fxe5 Bxe5 18. Nf2 O-O 19. Nd3 Bg7 20. Bg5 a5 21. Kh1 a4 22. Bh6 Qc8 23. Kh2 b3 24. a3 Qe8 25. Bxg7 Kxg7 26. Qf4 Nc8 27. Qf6+ Kg8 28. Bxh5 Qxe4 29. Rf4 Qxd3 30. Rbf1 Nb6 31. Rh4 Qe3 32. Bxg6 Qe5+ 33. Qxe5 dxe5 34. Bh7+ Kg7 35. Be4 Nxc4 36. Bh7 Nd6 37. Bd3 Rbc8 38. Rg4+ Bxg4 39.
hxg4 c4 0-1

[Event "Early-Titled-Tuesday-Blitz-March-05-2024"]
[Site "Chess.com"]
[Date "2024.03.05"]
[Round "7"]
[White "IlanSchnaider"]
[Black "mbchess97"]
[Result "1-0"]
[WhiteElo "2651"]
[BlackElo "2501"]
[TimeControl "180+1"]
[EndTime "9:19:41 PST"]
[Termination "IlanSchnaider won by resignation"]

1. e4 c5 2. Nf3 d6 3. d4 cxd4 4. Qxd4 Nf6 5. Bb5+ Bd7 6. Bxd7+ Qxd7 7. O-O Nc6 8. Qe3 g6 9. Nc3 Bg7 10. h3 O-O 11.
Qf4 d5 12. Rd1 d4 13. Ne2 Nh5 14. Qh4 e5 15. g4 Nf6 16. Ng3 Nb4 17. Nxe5 Qb5 18.
Bf4 Nxc2 19. Rac1 Qxb2 20. g5 Nh5 21. Nxh5 gxh5 22. Nd7 Rfe8 23. Nf6+ Bxf6 24. gxf6 Kh8 25. Bh6 Rg8+ 26. Bg7+ Rxg7+ 27. fxg7+ Kxg7 28. Kh2 d3 29. Qg3+ Kh8 30. Qxd3 Nb4 31. Qd4+ Qxd4 32. Rxd4 Nxa2 33. Rc7 b5 34. Rxf7 b4 35. Rdd7 b3 36. Rxh7+ Kg8 37. Rdg7+ Kf8 38. Rb7 Kg8 39. Rxh5 Nc1 40. Rc5 Nd3 41.
Rg5+ Kf8 42. Rxb3 Nxf2 43. Rf3+ Ke8 44. Rg8+ Ke7 45. Rxa8 1-0

[Event "Early-Titled-Tuesday-Blitz-March-05-2024"]
[Site "Chess.com"]
[Date "2024.03.05"]
[Round "7"]
[White "santosalberto1987"]
[Black "Igor_Lysyj"]
[Result "0-1"]
[WhiteElo "2549"]
[BlackElo "2820"]
[TimeControl "180+1"]
[EndTime "9:19:42 PST"]
[Termination "Igor_Lysyj won by resignation"]

1. e4 e5 2. Nf3 Nc6 3. Bc4 Bc5 4. O-O Nf6 5. d4 Bxd4 6. Nxd4 Nxd4 7. Bg5 h6 8. Bh4 d6 9. f4 Bg4 10. Bxf6 Bxd1 11.
Bxd8 Rxd8 12. Rxd1 Nxc2 13. Nc3 Nxa1 14. Rxa1 exf4 15.
Nd5 O-O 16. Nxf4 Rfe8 17. Bd3 c6 18. Kf2 g6 19. Rc1 Kg7 20. h4 Re5 21. Kf3 Rde8 22. Rd1 Rd8 23. Bc2 Ra5 24. Bb3 Re5 25. Rd4 b5 26.
Rd1 a5 27. a3 a4 28. Ba2 Rc5 29. Nd3 Rh5 30. g3 f5 31. Re1 fxe4+ 32. Rxe4 Rf5+ 33.
Nf4 d5 34. Re6 Rf6 35. Re7+ Kf8 36. Re5 Re8 37. Rxe8+ Kxe8 38. Ke3 g5 39. hxg5 hxg5 40.
Nd3 Re6+ 41. Kd4 Ke7 42. Ne5 Kd6 43. Nxc6 Re4+ 0-1

[Event "Early-Titled-Tuesday-Blitz-March-05-2024"]
[Site "Chess.com"]
[Date "2024.03.05"]
[Round "7"]
[White "ninguno46"]
[Black "Aleksandar-Topalov"]
[Result "1-0"]
[WhiteElo "2533"]
[BlackElo "2347"]
[TimeControl "180+1"]
[EndTime "9:19:42 PST"]
[Termination "ninguno46 won on time"]

1. e4 e6 2. d4 d5 3. Nc3 Bb4 4. e5 Qd7 5. Bd2 b6 6. Nce2 Be7 7. h4 h5 8. Nf4 g6 9. Nf3 Ba6 10. Rc1 Bxf1 11. Rxf1 Nc6 12. Qe2 Nh6 13. c4 Nb4 14.
a3 Nc6 15. cxd5 Nd8 16. Qc4 Rc8 17. d6 Bf8 18. d5 Nf5 19. dxc7 Nb7 20. dxe6 fxe6 21.
Nxe6 Nc5 22. Nxf8 Rxf8 23. Ke2 Rxc7 24. b4 Ne6 25. Qd3 Ned4+ 26. Kd1 Rxc1+ 27. Kxc1 Kf7 28. Ng5+ Kg8 29. Kb2 Rc8 30. Rc1 Rxc1 31. Bxc1 Qd5 32. e6 Qe5 33. f4 Qd5 34. Qc3 Qxg2+ 35. Kb1 1-0

[Event "Early-Titled-Tuesday-Blitz-March-05-2024"]
[Site "Chess.com"]
[Date "2024.03.05"]
[Round "7"]
[White "DKmirl"]
[Black "PawnEatingZombie"]
[Result "0-1"]
[WhiteElo "2320"]
[BlackElo "2200"]
[TimeControl "180+1"]
[EndTime "9:19:42 PST"]
[Termination "PawnEatingZombie won on time"]

1. d4 Nf6 2. Nf3 g6 3. g3 Bg7 4. Bg2 O-O 5. O-O d6 6. Nc3 c6 7. a4 a5 8. Re1 Na6 9. e4 Nb4 10.
Bd2 Bg4 11. Qc1 Bxf3 12. Bxf3 e5 13. Be3 Re8 14. Rd1 Qc7 15. Rd2 Nd7 16. d5 Nc5 17. Bg4 Rad8 18. Qd1 h6 19. Bxc5 dxc5 20. d6 Qb6 21. d7 Re7 22. Qe2 Na6 23. Qd3 Nb8 24.
Qc4 Rexd7 25. Bxd7 Rxd7 26. Rxd7 Nxd7 27. Rd1 Nf6 28.
b3 Bf8 29. Qd3 Kg7 30. Ne2 Qb4 31. Qc4 Qxc4 32. bxc4 Be7 33. Rb1 Nxe4 34. Rxb7 Bd6 35. f3 Nd2 36. Kf2 Nxc4 37. Ra7 Kf6 0-1

[Event "Early-Titled-Tuesday-Blitz-March-05-2024"]
[Site "Chess.com"]
[Date "2024.03.05"]
[Round "7"]
[White "BrandonJiang123456"]
[Black "Pelusiansky"]
[Result "0-1"]
[WhiteElo "2165"]
[BlackElo "2569"]
[TimeControl "180+1"]
[EndTime "9:19:42 PST"]
[Termination "Pelusiansky won by resignation"]

1. e4 c6 2. d4 d5 3. exd5 cxd5 4.
Bd3 Nc6 5. c3 Nf6 6. Bf4 Bg4 7.
Qb3 Qd7 8. Nd2 e6 9. Ngf3 Bd6 10. Bxd6 Qxd6 11. O-O O-O 12. Rfe1 Bxf3 13. Nxf3 Rab8 14. Ne5 Nd7 15. Qc2 Ndxe5 16. Bxh7+ Kh8 17. dxe5 Nxe5 18. Bd3 Ng4 19. g3 f5 20. Be2 Ne5 21. Rad1 Rbd8 22. Rd4 Nc6 23. Rh4+ Kg8 24. Bh5 Rf6 25. Bd1 d4 26. Qe2 dxc3 27. bxc3 Qd2 28. Bb3 Qxe2 29. Rxe2 Kf7 30. Rf4 Rd6 31. Rf3 Na5 32. c4 b6 33.
Kg2 Nb7 34. h4 Nc5 35. Rfe3 f4 36. gxf4 Rd4 37. Rf3 Nd3 38. Kg3 Nxf4 39. Ree3 Nh5+ 40. Kg2 Rxh4 41. Rxf6+ Nxf6 42. c5 bxc5 43. Rxe6 c4 44. Ra6 cxb3 45. Rxa7+ Kg6 46. axb3 Rb4 47. Rc7 Rxb3 48.
Rc5 Rb2 49. Rc3 Rxf2+ 50. Kxf2 Ne4+ 0-1

[Event "Early-Titled-Tuesday-Blitz-March-05-2024"]
[Site "Chess.com"]
[Date "2024.03.05"]
[Round "7"]
[White "Roman_Ovetchkin"]
[Black "balack95"]
[Result "1-0"]
[WhiteElo "2593"]
[BlackElo "2463"]
[TimeControl "180+1"]
[EndTime "9:19:44 PST"]
[Termination "Roman_Ovetchkin won by resignation"]

1. d4 Nf6 2. c4 e6 3. g3 d5 4. Bg2 Be7 5. Nf3 O-O 6. Qc2 c6 7. O-O b6 8. Nbd2 c5 9. cxd5 exd5 10. dxc5 bxc5 11. e4 Nc6 12. exd5 Nxd5 13. a3 Be6 14.
Ne4 Nd4 15. Nxd4 cxd4 16. Rd1 Qb6 17. Bg5 Rac8 18. Qa4 d3 19. Bxe7 Nxe7 20. Qb4 Qxb4 21.
axb4 Nd5 22. Rxd3 Nxb4 23. Rd2 a5 24. Nc3 Rc5 25. h4 g6 26. Bf3 Kg7 27. Kg2 h5 28. Be4 Rb8 29. Rd6 Bf5 30. Bxf5 Rxf5 31. Rd2 Nc6 32.
Re1 Rb7 33. Re4 Rb4 34. f3 Rxe4 35. Nxe4 Rb5 36. g4 Rb7 37. g5 Ne5 38. Nf6 a4 39. Rd8 Rxb2+ 40. Kg3 1-0

[Event "Early-Titled-Tuesday-Blitz-March-05-2024"]
[Site "Chess.com"]
[Date "2024.03.05"]
[Round "7"]
[White "GAusal"]
[Black "dianamirza"]
[Result "0-1"]
[WhiteElo "2279"]
[BlackElo "2013"]
[TimeControl "180+1"]
[EndTime "9:19:45 PST"]
[Termination "dianamirza won by checkmate"]

1. d4 Nf6 2. Nf3 g6 3. c4 d6 4.
Nc3 Bg7 5. e4 O-O 6. Be2 e5 7. O-O Nc6 8. d5 Ne7 9. Ne1 a5 10. Be3 Nd7 11. f3 f5 12. Rc1 f4 13.
Bf2 Nc5 14. b3 g5 15. a3 h5 16. b4 axb4 17. axb4 Na6 18. Qb3 g4 19. c5 g3 20.
hxg3 fxg3 21. Bxg3 dxc5 22. Bxa6 cxb4 23. Bxb7 Rb8 24. d6+ Kh8 25. dxe7 Qxe7 26. Nd5 Qg5 27. Bxc8 Qxc1 28. Bf5 c6 29. Ne7 Qc5+ 30. Bf2 Qxe7 31.
Nd3 Rfd8 32. Nc5 Rb5 33. Rc1 Rd2 34. Be3 Re2 35. Bf2 Rxf2 36. Kxf2 Rxc5 37. Rxc5 Qxc5+ 38. Kg3 Qe7 39. Kf2 Qc5+ 40. Kg3 Qd6 41. Kh3 Bf6 42. Qf7 Qe7 43. Qxh5+ Kg8 44. Qg6+ Qg7 45.
Qe8+ Qf8 46. Qxc6 Qh6+ 47. Kg3 Qf4+ 48. Kf2 Qd2+ 49. Kg3 Qe1+ 50. Kh3 Qh4# 0-1